 Dungeon Crawl Stone Soup version 0.22.1 (webtiles) character file.

103 Markonkel the Bolt Thrower (level 4, -2/39 HPs)
             Began as a Centaur Hunter on Sept 17, 2018.
             Slain by a worm (8 damage)
             ... on level 3 of the Dungeon.
             The game lasted 00:10:55 (2478 turns).

Markonkel the Bolt Thrower (Centaur Hunter)         Turns: 2478, Time: 00:10:56

Health: -2/39      AC:  4    Str: 13 (16) XL:     4   Next: 51%
Magic:  4/4        EV:  9    Int:  7 (10) God:
Gold:   145        SH:  0    Dex:  8 (9)  Spells: 3/3 levels left

rFire    . . .     SeeInvis .   a - +2 hand crossbow
rCold    . . .     Gourm    .   (no shield)
rNeg     + . .     Faith    .   c - +0 leather armour
rPois    .         Spirit   .   (no helmet)
rElec    .         Reflect  .   (no cloak)
rCorr    .         Harm     .   (no gloves)
MR       .....                  (no barding)
Stlth    ..........             (no amulet)
HPRegen  0.13/turn              N - ring of positive energy {rN+}
MPRegen  0.09/turn              (no ring)

@: very quick
A: large, hooves 3, deformed body, speed 2, tough skin 3
a: no special abilities


You were on level 3 of the Dungeon.
You were not hungry.

You visited 1 branch of the dungeon, and saw 3 of its levels.

You collected 145 gold pieces.

Inventory:

Hand Weapons
 a - a +2 hand crossbow (weapon)
 b - a +0 short sword
Missiles
 k - 42 stones (quivered)
 l - 26 sling bullets
 Q - 19 arrows
Armour
 c - a +0 leather armour (worn)
 g - a +1 robe of resistance
 j - a +0 leather armour
Jewellery
 N - a ring of positive energy (left hand) {rN+}
Scrolls
 h - a scroll of magic mapping {!r}
 n - a scroll of enchant armour {unknown}
 B - a scroll of blinking {!r}
Comestibles
 d - 6 chunks of flesh
 e - 6 rations


   Skills:
 + Level 3.6 Fighting
 + Level 5.6 Crossbows
 - Level 1.3 Dodging
 - Level 0.4 Stealth


You had 3 spell levels left.
You didn't know any spells.
Your spell library was empty.

Dungeon Overview and Level Annotations

Branches:
Dungeon (3/15)

Altars:


Innate Abilities, Weirdness & Mutations

You have hooves in place of feet.
Armour fits poorly on your strangely shaped body.
You cover ground very quickly.
You have extremely tough skin. (AC +3)


Message History

Aim: a bat You throw a stone.
The stone barely misses the worm.
The stone barely misses the bat.
You hear the brisk rusting of a distant drain.
The worm bites you.
* * * LOW HITPOINT WARNING * * *
Throwing (i - inventory)
k - 46 stones (quivered)
Aim: a bat You throw a stone.
The stone hits the worm.
The worm completely misses you.
Throwing (i - inventory)
k - 45 stones (quivered)
Aim: a bat You throw a stone.
The stone barely misses the worm.
The stone misses the bat.
The worm barely misses you.
Throwing (i - inventory)
k - 44 stones (quivered)
Aim: a bat You throw a stone.
The stone hits the worm.
Throwing (i - inventory)
k - 43 stones (quivered)
Aim: a bat You throw a stone.
The stone hits the worm.
The worm bites you!
You die...

###### ######.....
#...(..#
######......####
#.....(....bw@.#
#.####((.[?.##.....#
#..(...# ###..#
######..... ?#
###### #########
#.......# #<......#
#### #.......#


You could see a worm and a bat.

Vault maps used:
D:1:      dpeg_arrival_circle_labyrinth_c, hangedman_decor_growths
D:2:      first_ration
D:3:      lightli_sewer_entry_pipes

Notes
Turn   | Place    | Note
-------+----------+-------------------------------------------
     0 | D:1      | Markonkel the Centaur Hunter began the quest for the Orb.
     0 | D:1      | Reached XP level 1. HP: 17/17 MP: 1/1
   207 | D:1      | Reached XP level 2. HP: 25/25 MP: 2/2
   932 | D:1      | Identified a +0 short sword
   933 | D:1      | Identified a cursed -3 hunting sling (You found it on level
                  | 1 of the Dungeon)
   935 | D:1      | Identified a scroll of magic mapping
   936 | D:1      | Identified a scroll of blinking
   937 | D:1      | Identified a scroll of fog
   963 | D:2      | Identified a ring of positive energy (You found it on level
                  | 2 of the Dungeon)
  1065 | D:2      | HP: 6/25 [jackal (2)]
  1505 | D:2      | Reached skill level 5 in Crossbows
  1536 | D:2      | Identified a scroll of enchant weapon
  1567 | D:2      | Reached XP level 3. HP: 30/30 MP: 3/3
  1571 | D:2      | Identified a scroll of remove curse
  1572 | D:2      | Identified a +2 hand crossbow
  1749 | D:2      | Reached skill level 3 in Fighting
  2217 | D:3      | Reached XP level 4. HP: 38/38 MP: 4/4
  2408 | D:3      | HP: 9/39 [river rat (7)]
  2409 | D:3      | Identified a scroll of teleportation
  2413 | D:3      | Identified a potion of degeneration
  2413 | D:3      | HP: 8/39 [bat (1)]
  2414 | D:3      | Identified a potion of ambrosia
  2415 | D:3      | Identified a potion of haste
  2467 | D:3      | HP: 9/39 [worm (3)]
  2472 | D:3      | HP: 8/39 [worm (1)]
  2478 | D:3      | Slain by a worm

Table legend:
 A = Turns spent in this place as a percentage of turns spent in the entire game.
 B = Non-inter-level travel turns spent in this place as a percentage of non-inter-level travel turns spent in the entire game.
 C = Inter-level travel turns spent in this place as a percentage of turns spent in this place.
 D = Turns resting spent in this place as a percentage of non-inter-level travel turns spent in this place.
 E = Turns spent auto-exploring this place as a percentage of non-inter-level travel turns spent in this place.
 F = Non-inter-level travel turns spent in this place divided by the number of levels of this place that you've seen.
                   A       B       C       D       E      F
               +-------+-------+-------+-------+-------+----------------------
         Total | 100.0 | 100.0 |  15.6 |  11.3 |  69.6 | 697.0
       Dungeon | 100.0 | 100.0 |  15.6 |  11.3 |  69.6 | 697.0
               +-------+-------+-------+-------+-------+----------------------

Table legend:
 A = Kills in this place as a percentage of kills in entire the game.
 B = Kills by you in this place as a percentage of kills by you in the entire game.
 C = Kills by friends in this place as a percentage of kills by friends in the entire game.
 D = Other kills in this place as a percentage of other kills in the entire game.
 E = Experience gained in this place as a percentage of experience gained in the entire game.
 F = Experience gained in this place divided by the number of levels of this place that you have seen.
                   A       B       C       D       E      F
               +-------+-------+-------+-------+-------+----------------------
         Total | 100.0 | 100.0 |   N/A |   N/A | 100.0 |  49.3
       Dungeon | 100.0 | 100.0 |   N/A |   N/A | 100.0 |  49.3
               +-------+-------+-------+-------+-------+----------------------

Skill      XL: |  1  2  3 |
---------------+----------+-----
Crossbows      | 5 |  5.6
Fighting       | 3 |  3.6
Dodging        | |  1.3
Stealth        | |  0.4

Action                   |  1- 3 |  4- 6 || total
-------------------------+-------+-------++-------
Melee: Hand crossbow     |       |     2 ||     2
 Fire: Hand crossbow     |    75 |    22 ||    97
       Hunting sling     |    99 |       ||    99
Throw: Stone             |       |    66 ||    66
  Use: Scroll            |     5 |     1 ||     6
       Potion            |       |     3 ||     3
  Eat: Chunk             |     3 |       ||     3
Armor: Leather armour    |    49 |    50 ||    99
Dodge: Dodged            |    46 |    59 ||   105

Vanquished Creatures
  3 adders (D:3)
  A river rat (D:3)
  2 worms
  2 dart slugs
  A giant cockroach (D:3)
  8 goblins
  10 hobgoblins
  4 jackals (D:2)
  6 kobolds
  A ball python (D:2)
  3 bats
  5 frilled lizards
  15 rats
61 creatures vanquished.
